%YAML 1.1
%TAG !u! tag:unity3d.com,2011:
--- !u!114 &9197126413168363856
MonoBehaviour:
  m_ObjectHideFlags: 0
  m_CorrespondingSourceObject: {fileID: 0}
  m_PrefabInstance: {fileID: 0}
  m_PrefabAsset: {fileID: 0}
  m_GameObject: {fileID: 486982071117961105}
  m_Enabled: 1
  m_EditorHideFlags: 0
  m_Script: {fileID: 11500000, guid: 4efa13d1c5784b943806b0538c1fd14b, type: 3}
  m_Name: 
  m_EditorClassIdentifier: 
--- !u!1 &3861509012665276361
GameObject:
  m_ObjectHideFlags: 0
  m_CorrespondingSourceObject: {fileID: 0}
  m_PrefabInstance: {fileID: 0}
  m_PrefabAsset: {fileID: 0}
  serializedVersion: 6
  m_Component:
  - component: {fileID: 6887348925360578137}
  - component: {fileID: 6877868653973016929}
  m_Layer: 0
  m_Name: 274c
  m_TagString: Untagged
  m_Icon: {fileID: 0}
  m_NavMeshLayer: 0
  m_StaticEditorFlags: 0
  m_IsActive: 1
--- !u!4 &6887348925360578137
Transform:
  m_ObjectHideFlags: 0
  m_CorrespondingSourceObject: {fileID: 0}
  m_PrefabInstance: {fileID: 0}
  m_PrefabAsset: {fileID: 0}
  m_GameObject: {fileID: 3861509012665276361}
  m_LocalRotation: {x: -0, y: -0, z: -0, w: 1}
  m_LocalPosition: {x: 0, y: 0, z: 0}
  m_LocalScale: {x: 0.22869197, y: 0.22869197, z: 0.22869197}
  m_Children: []
  m_Father: {fileID: 6294244747212990146}
  m_RootOrder: 0
  m_LocalEulerAnglesHint: {x: 0, y: 0, z: 0}
--- !u!212 &6877868653973016929
SpriteRenderer:
  m_ObjectHideFlags: 0
  m_CorrespondingSourceObject: {fileID: 0}
  m_PrefabInstance: {fileID: 0}
  m_PrefabAsset: {fileID: 0}
  m_GameObject: {fileID: 3861509012665276361}
  m_Enabled: 1
  m_CastShadows: 0
  m_ReceiveShadows: 0
  m_DynamicOccludee: 1
  m_MotionVectors: 1
  m_LightProbeUsage: 1
  m_ReflectionProbeUsage: 1
  m_RenderingLayerMask: 1
  m_RendererPriority: 0
  m_Materials:
  - {fileID: 10754, guid: 0000000000000000f000000000000000, type: 0}
  m_StaticBatchInfo:
    firstSubMesh: 0
    subMeshCount: 0
  m_StaticBatchRoot: {fileID: 0}
  m_ProbeAnchor: {fileID: 0}
  m_LightProbeVolumeOverride: {fileID: 0}
  m_ScaleInLightmap: 1
  m_PreserveUVs: 0
  m_IgnoreNormalsForChartDetection: 0
  m_ImportantGI: 0
  m_StitchLightmapSeams: 0
  m_SelectedEditorRenderState: 0
  m_MinimumChartSize: 4
  m_AutoUVMaxDistance: 0.5
  m_AutoUVMaxAngle: 89
  m_LightmapParameters: {fileID: 0}
  m_SortingLayerID: 0
  m_SortingLayer: 0
  m_SortingOrder: 1
  m_Sprite: {fileID: 21300000, guid: 4fb0b93eccbffe943920dcd4d98864c5, type: 3}
  m_Color: {r: 1, g: 0, b: 0, a: 0.48235294}
  m_FlipX: 0
  m_FlipY: 0
  m_DrawMode: 0
  m_Size: {x: 1.6, y: 1.6}
  m_AdaptiveModeThreshold: 0.5
  m_SpriteTileMode: 0
  m_WasSpriteAssigned: 1
  m_MaskInteraction: 0
  m_SpriteSortPoint: 0
--- !u!1 &6560927394781202054
GameObject:
  m_ObjectHideFlags: 0
  m_CorrespondingSourceObject: {fileID: 0}
  m_PrefabInstance: {fileID: 0}
  m_PrefabAsset: {fileID: 0}
  serializedVersion: 6
  m_Component:
  - component: {fileID: 711112520963961431}
  m_Layer: 0
  m_Name: Level_1_5
  m_TagString: Untagged
  m_Icon: {fileID: 0}
  m_NavMeshLayer: 0
  m_StaticEditorFlags: 0
  m_IsActive: 1
--- !u!224 &711112520963961431
RectTransform:
  m_ObjectHideFlags: 0
  m_CorrespondingSourceObject: {fileID: 0}
  m_PrefabInstance: {fileID: 0}
  m_PrefabAsset: {fileID: 0}
  m_GameObject: {fileID: 6560927394781202054}
  m_LocalRotation: {x: 0, y: 0, z: 0, w: 1}
  m_LocalPosition: {x: 0, y: 0, z: 0}
  m_LocalScale: {x: 1, y: 1, z: 1}
  m_Children:
  - {fileID: 3679241533709872952}
  - {fileID: 6286495660048907402}
  - {fileID: 6294244747212990146}
  m_Father: {fileID: 0}
  m_RootOrder: 0
  m_LocalEulerAnglesHint: {x: 0, y: 0, z: 0}
  m_AnchorMin: {x: 0.5, y: 0.5}
  m_AnchorMax: {x: 0.5, y: 0.5}
  m_AnchoredPosition: {x: 0, y: 0}
  m_SizeDelta: {x: 100, y: 100}
  m_Pivot: {x: 0.5, y: 0.5}
--- !u!114 &9197126414480801090
MonoBehaviour:
  m_ObjectHideFlags: 0
  m_CorrespondingSourceObject: {fileID: 0}
  m_PrefabInstance: {fileID: 0}
  m_PrefabAsset: {fileID: 0}
  m_GameObject: {fileID: 7130129830282282019}
  m_Enabled: 1
  m_EditorHideFlags: 0
  m_Script: {fileID: 11500000, guid: 4efa13d1c5784b943806b0538c1fd14b, type: 3}
  m_Name: 
  m_EditorClassIdentifier: 
--- !u!1001 &1987096161256459948
PrefabInstance:
  m_ObjectHideFlags: 0
  serializedVersion: 2
  m_Modification:
    m_TransformParent: {fileID: 711112520963961431}
    m_Modifications:
    - target: {fileID: 8746230322399513231, guid: 6603f21ef29f91141bcacf894b5d67e9,
        type: 3}
      propertyPath: m_Name
      value: Boll
      objectReference: {fileID: 0}
    - target: {fileID: 2926459874845401492, guid: 6603f21ef29f91141bcacf894b5d67e9,
        type: 3}
      propertyPath: m_LocalPosition.x
      value: 1.76
      objectReference: {fileID: 0}
    - target: {fileID: 2926459874845401492, guid: 6603f21ef29f91141bcacf894b5d67e9,
        type: 3}
      propertyPath: m_LocalPosition.y
      value: 0
      objectReference: {fileID: 0}
    - target: {fileID: 2926459874845401492, guid: 6603f21ef29f91141bcacf894b5d67e9,
        type: 3}
      propertyPath: m_LocalPosition.z
      value: -0.06589637
      objectReference: {fileID: 0}
    - target: {fileID: 2926459874845401492, guid: 6603f21ef29f91141bcacf894b5d67e9,
        type: 3}
      propertyPath: m_LocalRotation.x
      value: -0
      objectReference: {fileID: 0}
    - target: {fileID: 2926459874845401492, guid: 6603f21ef29f91141bcacf894b5d67e9,
        type: 3}
      propertyPath: m_LocalRotation.y
      value: -0
      objectReference: {fileID: 0}
    - target: {fileID: 2926459874845401492, guid: 6603f21ef29f91141bcacf894b5d67e9,
        type: 3}
      propertyPath: m_LocalRotation.z
      value: -0
      objectReference: {fileID: 0}
    - target: {fileID: 2926459874845401492, guid: 6603f21ef29f91141bcacf894b5d67e9,
        type: 3}
      propertyPath: m_LocalRotation.w
      value: 1
      objectReference: {fileID: 0}
    - target: {fileID: 2926459874845401492, guid: 6603f21ef29f91141bcacf894b5d67e9,
        type: 3}
      propertyPath: m_RootOrder
      value: 0
      objectReference: {fileID: 0}
    - target: {fileID: 2926459874845401492, guid: 6603f21ef29f91141bcacf894b5d67e9,
        type: 3}
      propertyPath: m_LocalEulerAnglesHint.x
      value: 0
      objectReference: {fileID: 0}
    - target: {fileID: 2926459874845401492, guid: 6603f21ef29f91141bcacf894b5d67e9,
        type: 3}
      propertyPath: m_LocalEulerAnglesHint.y
      value: 0
      objectReference: {fileID: 0}
    - target: {fileID: 2926459874845401492, guid: 6603f21ef29f91141bcacf894b5d67e9,
        type: 3}
      propertyPath: m_LocalEulerAnglesHint.z
      value: 0
      objectReference: {fileID: 0}
    - target: {fileID: 2926459874845401492, guid: 6603f21ef29f91141bcacf894b5d67e9,
        type: 3}
      propertyPath: m_LocalScale.x
      value: 2.0881
      objectReference: {fileID: 0}
    - target: {fileID: 2926459874845401492, guid: 6603f21ef29f91141bcacf894b5d67e9,
        type: 3}
      propertyPath: m_LocalScale.y
      value: 2.0881
      objectReference: {fileID: 0}
    - target: {fileID: 2926459874845401492, guid: 6603f21ef29f91141bcacf894b5d67e9,
        type: 3}
      propertyPath: m_LocalScale.z
      value: 2.0881
      objectReference: {fileID: 0}
    m_RemovedComponents: []
  m_SourcePrefab: {fileID: 100100000, guid: 6603f21ef29f91141bcacf894b5d67e9, type: 3}
--- !u!1 &7130129830282282019 stripped
GameObject:
  m_CorrespondingSourceObject: {fileID: 8746230322399513231, guid: 6603f21ef29f91141bcacf894b5d67e9,
    type: 3}
  m_PrefabInstance: {fileID: 1987096161256459948}
  m_PrefabAsset: {fileID: 0}
--- !u!4 &3679241533709872952 stripped
Transform:
  m_CorrespondingSourceObject: {fileID: 2926459874845401492, guid: 6603f21ef29f91141bcacf894b5d67e9,
    type: 3}
  m_PrefabInstance: {fileID: 1987096161256459948}
  m_PrefabAsset: {fileID: 0}
--- !u!1001 &7408690964119535265
PrefabInstance:
  m_ObjectHideFlags: 0
  serializedVersion: 2
  m_Modification:
    m_TransformParent: {fileID: 711112520963961431}
    m_Modifications:
    - target: {fileID: 5814771983812739405, guid: ecdfeafcd625af941959048c9dfd1bed,
        type: 3}
      propertyPath: m_Name
      value: BollKill
      objectReference: {fileID: 0}
    - target: {fileID: 3569475516442482787, guid: ecdfeafcd625af941959048c9dfd1bed,
        type: 3}
      propertyPath: m_LocalPosition.x
      value: -0.28
      objectReference: {fileID: 0}
    - target: {fileID: 3569475516442482787, guid: ecdfeafcd625af941959048c9dfd1bed,
        type: 3}
      propertyPath: m_LocalPosition.y
      value: 0.5
      objectReference: {fileID: 0}
    - target: {fileID: 3569475516442482787, guid: ecdfeafcd625af941959048c9dfd1bed,
        type: 3}
      propertyPath: m_LocalPosition.z
      value: -0.06589637
      objectReference: {fileID: 0}
    - target: {fileID: 3569475516442482787, guid: ecdfeafcd625af941959048c9dfd1bed,
        type: 3}
      propertyPath: m_LocalRotation.x
      value: -0
      objectReference: {fileID: 0}
    - target: {fileID: 3569475516442482787, guid: ecdfeafcd625af941959048c9dfd1bed,
        type: 3}
      propertyPath: m_LocalRotation.y
      value: -0
      objectReference: {fileID: 0}
    - target: {fileID: 3569475516442482787, guid: ecdfeafcd625af941959048c9dfd1bed,
        type: 3}
      propertyPath: m_LocalRotation.z
      value: -0
      objectReference: {fileID: 0}
    - target: {fileID: 3569475516442482787, guid: ecdfeafcd625af941959048c9dfd1bed,
        type: 3}
      propertyPath: m_LocalRotation.w
      value: 1
      objectReference: {fileID: 0}
    - target: {fileID: 3569475516442482787, guid: ecdfeafcd625af941959048c9dfd1bed,
        type: 3}
      propertyPath: m_RootOrder
      value: 2
      objectReference: {fileID: 0}
    - target: {fileID: 3569475516442482787, guid: ecdfeafcd625af941959048c9dfd1bed,
        type: 3}
      propertyPath: m_LocalEulerAnglesHint.x
      value: 0
      objectReference: {fileID: 0}
    - target: {fileID: 3569475516442482787, guid: ecdfeafcd625af941959048c9dfd1bed,
        type: 3}
      propertyPath: m_LocalEulerAnglesHint.y
      value: 0
      objectReference: {fileID: 0}
    - target: {fileID: 3569475516442482787, guid: ecdfeafcd625af941959048c9dfd1bed,
        type: 3}
      propertyPath: m_LocalEulerAnglesHint.z
      value: 0
      objectReference: {fileID: 0}
    - target: {fileID: 3569475516442482787, guid: ecdfeafcd625af941959048c9dfd1bed,
        type: 3}
      propertyPath: m_LocalScale.x
      value: 2.0881
      objectReference: {fileID: 0}
    - target: {fileID: 3569475516442482787, guid: ecdfeafcd625af941959048c9dfd1bed,
        type: 3}
      propertyPath: m_LocalScale.y
      value: 2.0881
      objectReference: {fileID: 0}
    - target: {fileID: 3569475516442482787, guid: ecdfeafcd625af941959048c9dfd1bed,
        type: 3}
      propertyPath: m_LocalScale.z
      value: 2.0881
      objectReference: {fileID: 0}
    m_RemovedComponents: []
  m_SourcePrefab: {fileID: 100100000, guid: ecdfeafcd625af941959048c9dfd1bed, type: 3}
--- !u!4 &6294244747212990146 stripped
Transform:
  m_CorrespondingSourceObject: {fileID: 3569475516442482787, guid: ecdfeafcd625af941959048c9dfd1bed,
    type: 3}
  m_PrefabInstance: {fileID: 7408690964119535265}
  m_PrefabAsset: {fileID: 0}
--- !u!1001 &9197126413292395806
PrefabInstance:
  m_ObjectHideFlags: 0
  serializedVersion: 2
  m_Modification:
    m_TransformParent: {fileID: 711112520963961431}
    m_Modifications:
    - target: {fileID: 8746230322399513231, guid: 6603f21ef29f91141bcacf894b5d67e9,
        type: 3}
      propertyPath: m_Name
      value: Boll (1)
      objectReference: {fileID: 0}
    - target: {fileID: 2926459874845401492, guid: 6603f21ef29f91141bcacf894b5d67e9,
        type: 3}
      propertyPath: m_LocalPosition.x
      value: -2.32
      objectReference: {fileID: 0}
    - target: {fileID: 2926459874845401492, guid: 6603f21ef29f91141bcacf894b5d67e9,
        type: 3}
      propertyPath: m_LocalPosition.y
      value: 0
      objectReference: {fileID: 0}
    - target: {fileID: 2926459874845401492, guid: 6603f21ef29f91141bcacf894b5d67e9,
        type: 3}
      propertyPath: m_LocalPosition.z
      value: -0.06589637
      objectReference: {fileID: 0}
    - target: {fileID: 2926459874845401492, guid: 6603f21ef29f91141bcacf894b5d67e9,
        type: 3}
      propertyPath: m_LocalRotation.x
      value: -0
      objectReference: {fileID: 0}
    - target: {fileID: 2926459874845401492, guid: 6603f21ef29f91141bcacf894b5d67e9,
        type: 3}
      propertyPath: m_LocalRotation.y
      value: -0
      objectReference: {fileID: 0}
    - target: {fileID: 2926459874845401492, guid: 6603f21ef29f91141bcacf894b5d67e9,
        type: 3}
      propertyPath: m_LocalRotation.z
      value: -0
      objectReference: {fileID: 0}
    - target: {fileID: 2926459874845401492, guid: 6603f21ef29f91141bcacf894b5d67e9,
        type: 3}
      propertyPath: m_LocalRotation.w
      value: 1
      objectReference: {fileID: 0}
    - target: {fileID: 2926459874845401492, guid: 6603f21ef29f91141bcacf894b5d67e9,
        type: 3}
      propertyPath: m_RootOrder
      value: 1
      objectReference: {fileID: 0}
    - target: {fileID: 2926459874845401492, guid: 6603f21ef29f91141bcacf894b5d67e9,
        type: 3}
      propertyPath: m_LocalEulerAnglesHint.x
      value: 0
      objectReference: {fileID: 0}
    - target: {fileID: 2926459874845401492, guid: 6603f21ef29f91141bcacf894b5d67e9,
        type: 3}
      propertyPath: m_LocalEulerAnglesHint.y
      value: 0
      objectReference: {fileID: 0}
    - target: {fileID: 2926459874845401492, guid: 6603f21ef29f91141bcacf894b5d67e9,
        type: 3}
      propertyPath: m_LocalEulerAnglesHint.z
      value: 0
      objectReference: {fileID: 0}
    - target: {fileID: 2926459874845401492, guid: 6603f21ef29f91141bcacf894b5d67e9,
        type: 3}
      propertyPath: m_LocalScale.x
      value: 2.0881
      objectReference: {fileID: 0}
    - target: {fileID: 2926459874845401492, guid: 6603f21ef29f91141bcacf894b5d67e9,
        type: 3}
      propertyPath: m_LocalScale.y
      value: 2.0881
      objectReference: {fileID: 0}
    - target: {fileID: 2926459874845401492, guid: 6603f21ef29f91141bcacf894b5d67e9,
        type: 3}
      propertyPath: m_LocalScale.z
      value: 2.0881
      objectReference: {fileID: 0}
    m_RemovedComponents: []
  m_SourcePrefab: {fileID: 100100000, guid: 6603f21ef29f91141bcacf894b5d67e9, type: 3}
--- !u!1 &486982071117961105 stripped
GameObject:
  m_CorrespondingSourceObject: {fileID: 8746230322399513231, guid: 6603f21ef29f91141bcacf894b5d67e9,
    type: 3}
  m_PrefabInstance: {fileID: 9197126413292395806}
  m_PrefabAsset: {fileID: 0}
--- !u!4 &6286495660048907402 stripped
Transform:
  m_CorrespondingSourceObject: {fileID: 2926459874845401492, guid: 6603f21ef29f91141bcacf894b5d67e9,
    type: 3}
  m_PrefabInstance: {fileID: 9197126413292395806}
  m_PrefabAsset: {fileID: 0}
